 Dungeon Crawl Stone Soup version 0.28-a0-863-g8cecda6153 (webtiles) character file.

Game seed: 1365984702535181573

423 ytrimaz the Chopper (level 7, -1/55 HPs)
             Began as a Formicid Fighter on Nov 16, 2021.
             Slain by a gnoll (2 damage)
             ... on level 3 of the Dungeon.
             The game lasted 00:03:55 (4700 turns).

ytrimaz the Chopper (Formicid Fighter)              Turns: 4700, Time: 00:03:55

Health: -1/55      AC:  7    Str: 23    XL:     7   Next: 17%
Magic:  7/7        EV:  9    Int:  7    God:
Gold:   182        SH:  5    Dex: 10    Spells: 6/6 levels left

rFire   . . .      SeeInvis +   a - +0 war axe
rCold   . . .      Faith    .   c - +1 buckler
rNeg    . . .      Spirit   .   b - +0 scale mail
rPois   .          Reflect  .   (helmet unavailable)
rElec   .          Harm     .   (no cloak)
rCorr   .          Rampage  .   (no gloves)
Will    .....                   (no boots)
Stlth   ..........              (no amulet)
HPRegen 0.18/turn               (no ring)
MPRegen 0.10/turn               (no ring)

@: no status effects
A: permanent stasis, dig shafts and tunnels, antennae 3, four strong arms
a: Dig, Shaft Self


You were on level 3 of the Dungeon.
You visited 1 branch of the dungeon, and saw 4 of its levels.

You collected 182 gold pieces.

Inventory:

Hand Weapons
 a - a +0 war axe (weapon)
Missiles
 m - 6 javelins
Armour
 b - a +0 scale mail (worn)
 c - a +1 buckler (worn)
Jewellery
 k - a +4 ring of evasion
Wands
 l - a wand of flame (3)
Scrolls
 i - a scroll of noise {unknown}
 j - 2 scrolls of vulnerability
 o - a scroll of holy word {unknown}
Potions
 d - 2 potions of might
 e - a potion of berserk rage {unknown}
 f - a potion of flight {unknown}
 g - a potion of brilliance {unknown}
 h - a potion of mutation {unknown}
 n - a potion of degeneration {unknown}


   Skills:
 + Level 4.7 Fighting
 + Level 5.2 Axes
 + Level 5.2 Armour
 - Level 3.6 Shields


You had 6 spell levels left.
You didn't know any spells.
Your spell library contained the following spells:

 Spells                   Type           Power      Damage    Failure   Level
 Apportation              Tloc           0%         N/A       73%         1
 Slow                     Hex            0%         N/A       73%         1
 Confusing Touch          Hex            0%         N/A       97%         3
 Vampiric Draining        Necr           0%         2d6       97%         3
 Animate Armour           Summ/Erth      0%         N/A       100%        4
 Alistair's Intoxication  Tmut/Pois      0%         N/A       100%        5
 Blade Hands              Tmut           0%         N/A       100%        5
 Manifold Assault         Tloc           0%         N/A       100%        5
 Iron Shot                Conj/Erth      0%         9d1       100%        6
 Storm Form               Tmut/Air       0%         N/A       100%        7
 Blink                    Tloc           Unusable   N/A       N/A         2

Dungeon Overview and Level Annotations

Branches:
Dungeon (4/15)
 Temple: D:4-7

Altars:
Vehumet

Shops:
D:3 (=


Innate Abilities, Weirdness & Mutations

You cannot be hasted, slowed, berserked, paralysed or teleported.
You can dig through walls and to a lower floor.
You have a pair of large antennae on your head. (SInv)
Your four strong arms can wield two-handed weapons with a shield.


Message History

You climb upwards.
There is a stone staircase leading down here.
Unknown command.
You hit the gnoll but do no damage. You hit the gnoll.
The gnoll barely misses you. The gnoll hits you but does no damage.
You closely miss the gnoll.
The gnoll is lightly wounded.
You barely miss the gnoll. The gnoll hits you with a +0 halberd!
The gnoll hits you with a +0 club. The gnoll hits you with a +0 halberd!
You are too injured to fight recklessly!
You are too injured to fight recklessly!
You closely miss the gnoll.
The gnoll is lightly wounded.
You slash the gnoll! The gnoll barely misses you.
The gnoll hits you with a +0 halberd!
* * * LOW HITPOINT WARNING * * *
You hit the gnoll.
The gnoll is moderately wounded.
You hit the gnoll. The gnoll hits you but does no damage.
You block the gnoll's attack.
Unknown command.
You hit the gnoll.
The gnoll is severely wounded.
You hit the gnoll.
You kill the gnoll!
The gnoll barely misses you.
You hit the gnoll.
The gnoll is almost dead.
The gnoll closely misses you.
Unknown command.
Your scale mail prevents you from hitting the gnoll.
The gnoll is almost dead.
The gnoll hits you with a +0 halberd!
* * * LOW HITPOINT WARNING * * *
The gnoll misses you.
Unknown command.
You hit the gnoll but do no damage.
The gnoll is almost dead.
The gnoll hits you with a +0 halberd.
You die...

#.#.####.## ##+## #.# #....#
#.# ##...## #.# ###..#
#.###.....## #.###
#..###.##.......####.#.##
#####...##.#.........##.....##
...........'.........+.......##
#####...####.........##.......#
##.## ##...[...######.##.#
###.# ##.)@..## ####.# #...#
##)g.## #.# #.### ##'## #.# #.#
#.# #.# #.# #.# #.# #.# ##.##
#.# #.##########...## #.#
#............<..# #.#
###########.....##########.#


You could see a gnoll.

Vanquished Creatures
  An ogre (D:4)
  A phantom (D:4)
  A bullfrog skeleton (D:4)
  A gnoll shaman (D:3)
  Ijyb (D:3)
  A hound skeleton (D:4)
  8 gnolls
  An adder (D:3)
  A worm (D:3)
  5 dart slugs
  2 orcs
  3 endoplasms
  A giant cockroach (D:2)
  15 goblins
  8 hobgoblins
  5 jackals
  4 quokkas (D:1)
  5 ball pythons
  4 bats
  4 frilled lizards
  5 kobolds
  3 rats
80 creatures vanquished.

Vanquished Creatures (others)
  23 plants (D:4)
23 creatures vanquished.

Grand Total: 103 creatures vanquished

Notes
Turn   | Place    | Note
-------+----------+-------------------------------------------
     0 | D:1      | ytrimaz the Formicid Fighter began the quest for the Orb.
     0 | D:1      | Reached XP level 1. HP: 18/18 MP: 1/1
   222 | D:1      | Reached XP level 2. HP: 24/24 MP: 2/2
   321 | D:1      | Reached XP level 3. HP: 29/30 MP: 3/3
   785 | D:1      | Found a faded altar of an unknown god.
   944 | D:1      | Reached XP level 4. HP: 34/37 MP: 4/4
  1217 | D:2      | Found a radiant altar of Vehumet.
  2391 | D:3      | Found Loeh's Jewellery Shoppe.
  2603 | D:3      | Reached XP level 5. HP: 31/42 MP: 5/5
  2709 | D:3      | Noticed Ijyb
  2722 | D:3      | Killed Ijyb
  3089 | D:3      | Found Ereryaqi's Antique Weapon Boutique.
  3379 | D:4      | Noticed a phantom
  3399 | D:4      | Killed a phantom
  3400 | D:4      | Reached XP level 6. HP: 12/49 MP: 6/6
  3852 | D:4      | Noticed an ogre
  4140 | D:4      | Killed an ogre
  4141 | D:4      | Reached skill level 5 in Axes
  4141 | D:4      | Reached skill level 5 in Armour
  4141 | D:4      | Reached XP level 7. HP: 27/55 MP: 7/7
  4699 | D:3      | HP: 1/55 [gnoll (10)]
  4700 | D:3      | Slain by a gnoll

Illustrated notes

Levels and vault maps discovered:
D:1:      minmay_arrival_nine_rooms, layout_basic, basic_ecumenical_altar
D:2:      layout_loops_corners, basic_altar
D:3:      kennysheep_goblin_castle, layout_loops_corners, serial_shops, shop,
          shop, nicolae_elevator_lobby_asterisk
D:4:      layout_gridville, chei_slow_surprise, serial_shops,
          nicolae_shop_temple_entry_statues_fountains, portal_sewer_entry_d,
          nicolae_grassy_gnolls

Skill      XL: |  1  2  3  4  5  6 |
---------------+-------------------+-----
Fighting       | 4 |  4.7
Armour         | 4 5 |  5.2
Axes           | 3 4 5 |  5.2
Shields        | |  3.6

Action                   |  1- 3 |  4- 6 |  7- 9 || total
-------------------------+-------+-------+-------++-------
Melee: War axe           |    73 |   123 |    14 ||   210
  Use: Scroll            |     1 |     3 |       ||     4
       Potion            |       |     1 |       ||     1
Armor: Scale mail        |    29 |    58 |    10 ||    97
Dodge: Dodged            |    42 |    48 |    12 ||   102
Block: Buckler           |    16 |    37 |     7 ||    60

Table legend: (Time is in decaauts)
 A = Elapsed time spent in this place.
 B = Non-inter-level travel time spent in this place.
 C = Inter-level travel time spent in this place.
 D = Time resting spent in this place.
 E = Time spent auto-exploring this place.
 F = Levels seen in this place.
 G = Mean time per level.
                   A        B        C        D        E       F      G
               +--------+--------+--------+--------+--------+-----+--------+
         Total |   4776 |   4616 |    160 |   1099 |   2873 |   4 | 1194.0 |
       Dungeon |   4776 |   4616 |    160 |   1099 |   2873 |   4 | 1194.0 |
               +--------+--------+--------+--------+--------+-----+--------+

Top non-repeatable levels by time:
     D:3: 2253 daAuts
     D:1: 1170 daAuts
     D:2: 951 daAuts
     D:4: 400 daAuts
